Workbook
Name StartDate: 'Probate Information'!$U$36

Sheet Dates
A1: IMPORTANT DATES
A2: Date of Death | B2: 44328
A5: Date Will filed with probate court | B5: 44348
A7: Date of Appointment | B7: 44350
A9: Date of Last Publication to Creditors | B9: 44378
A11: Date Notification mailed to heirs, devisees | B11: 44360
A13: Date Inventory & Appraisement filed (required to be within ninety days of your appointment) | B13: =EDATE(B7, 3) -> 44442
A15: Date Personal Income Tax Return filed with IRS (required to be April 15th year after death) | B15: 44301
A17: Statute of Limitations on filing of Creditor Claims (four months after date of last publication) | B17: =EDATE(B9, 4) -> 44501
A19: Date of Filing an Accounting & Proposal for Distribution,and Petition for Settlement | B19: =EDATE(B7,6) -> 44533
A21: Alternate estate tax valuation date (date of death plus six months) | B21: =EDATE(B2,6) -> 44512
A23: Federal and State Estate Tax Returns if required (date of death plus nine months) | B23: =EDATE(B2,9) -> 44604
A25: Tax Year End of Estate | B25: 44561

Sheet Probate Information
B2: Probate Inventory
B7: Name of Executor(s)
B8: Phone
B9: Email
B10: Mailing Address
B12: Decedent's Name
B13: Street Address
B14: City | V14: State
B15: State | V15: Spouse?
B16: Zip Code | V16: Residence at Death
B17: Date of Death | V17: Place of Death
B18: Additional Information
B20: Spouse, Children and Other Hiers
B21: Name | H21: Relationship | N21: Beneficairy? | Q21: Age, if <18 | T21: Address | AB21: Phone Number | AG21: Email
B28: Professional Advisors
B29: Advisor Type | H29: Contact Person | N29: Company | T29: Address | AB29: Phone Number | AG29: Email
B30: Accountant
B31: Lawyer
B32: Financial Adviser
B33: Insurance Agent
B34: Other
B36: Probate Checklist | O36: Probate Inventories
B37: Checklist Items | O37: Probate Assets | W37: Value ($) | AA37: Probate Liabilities | AI37: Value ($)
B38: ☐ | C38: Last Will, Testament or any other documents | O38: ='Probate Assets'!B12 -> Bank Accounts | W38: ='Probate Assets'!G20 -> 0 | AA38: ='Probate Liabilities'!B11 -> Mortgages | AI38: ='Probate Liabilities'!G18 -> 0
B39: ☐ | C39: Safe deposit rental agreement and keys | O39: ='Probate Assets'!B22 -> Personal Investments | W39: ='Probate Assets'!G35 -> 0 | AA39: ='Probate Liabilities'!B21 -> Personal Loans and Lines of Credit | AI39: ='Probate Liabilities'!G28 -> 0
B40: ☐ | C40: Passwords for computers and online accounts | O40: ='Probate Assets'!B37 -> Business Interests | W40: ='Probate Assets'!G46 -> 0 | AA40: ='Probate Liabilities'!B31 -> Business Interests | AI40: ='Probate Liabilities'!G38 -> 0
B41: ☐ | C41: Living trust agreements | O41: ='Probate Assets'!B48 -> Real Estate | W41: ='Probate Assets'!G60 -> 0 | AA41: ='Probate Liabilities'!B41 -> Credit Cards | AI41: ='Probate Liabilities'!G48 -> 0
B42: ☐ | C42: Life insurance, health/accident and insurance policies | O42: ='Probate Assets'!B62 -> Pension Plans | W42: ='Probate Assets'!G70 -> 0 | AA42: ='Probate Liabilities'!B51 -> Other Liabilities | AI42: ='Probate Liabilities'!G58 -> 0
B43: ☐ | C43: Financial statements | O43: ='Probate Assets'!B72 -> Insurance | W43: ='Probate Assets'!G80 -> 0
B44: ☐ | C44: Income tax returns for the past three years | O44: ='Probate Assets'!B82 -> Private Loans and Mortgages | W44: ='Probate Assets'!G90 -> 0
B45: ☐ | C45: Birth and death certificates | O45: ='Probate Assets'!B92 -> Interest in other Estates and Trusts | W45: ='Probate Assets'!G100 -> 0
B46: ☐ | C46: Deeds, mortgages and lease statements | O46: ='Probate Assets'!B102 -> Personal Effects and other Assets | W46: ='Probate Assets'!G115 -> 0
B47: ☐ | C47: Unpaid bills and notes | O47: Assets Total | W47: ='Probate Assets'!G10 -> 0 | AA47: Liabilities Total | AI47: =SUM(AI38:AN46) -> 0

Sheet Probate Assets
B2: Probate Assets
B7: Use this worksheet to create an inventory of the probate assets. You will need to determine the market value of each estate asset at date of death. Review all records, including financial statements, insurance policies and tax returns to obtain market values. You may also need to get an appraisal of personal items (i.e., art work, collections, antiques, etc.). Be sure to include any foreign assets in the inventory as well, such as real estate, securities or overseas business interests. You may wish to get professional assistance to obtain an accurate market value for foreign assets.
B10: Total Assets | G10: =tblBankAccounts[[#Totals],[Balance ]]+tblPersonalInvestments[[#Totals],[Market Value]]+tblBusinessInterests[[#Totals],[Value ]]+tblRealEstate[[#Totals],[Market Price]]+tblPensionPlans[[#Totals],[Value ]]+tblInsurance[[#Totals],[Cash Value ]]+tblMortgages[[#Totals],[Balance Owed ]]+tblTrusts[[#Totals],[Distribution Amount]]+tblOtherAssets[[#Totals],[Value ]] -> 0
B12: Bank Accounts
B13: List all bank accounts including cash, traveler’s checks, money orders, and accounts with commercial banks, savings banks, credit unions, etc. Include all names listed on the account and actual cash value which refers to the exact dollar and change amount at the time of death.
B14: Financial Institution | C14: Address | D14: Phone | E14: Account Number | F14: Account Type | G14: Balance | H14: Notes
B20: Total | G20: =SUBTOTAL(109,tblBankAccounts[[Balance ]]) -> 0
B22: Personal Investments
B23: List cash accounts, margin accounts, Tax Free Savings Accounts, Registered Retirement Savings Plans (RRSPs), Registered Retirement Income Funds (RRIFs), Locked-in RRIFs, Locked-in RRSPs, Life Income Funds, Prescribed Retirement Income Funds, Registered Education Savings Plans, annuities, etc.
B24: Company | C24: Address | D24: Phone | E24: Account Number | F24: Beneficiary | G24: Market Value | H24: Notes
B35: Total | G35: =SUBTOTAL(109,tblPersonalInvestments[Market Value]) -> 0
B37: Business Interests
B38: List all business interestest including sole proprietorships, professional practices, corporations, partnerships, limited liability companies and partnerships, joint ventures, and other non-publicly traded business entities.
B39: Business Name | C39: Address | D39: Phone | E39: Contact | F39: Type | G39: Value | H39: Notes
B46: Total | G46: =SUBTOTAL(109,tblBusinessInterests[[Value ]]) -> 0
B48: Real Estate
B49: List any real property on which Decedent and/or Decedent’s surviving spouse/partner are an owner, joint owner or have an interest in any manner, including property purchased in recreational developments and time-shares. Obtain copies of the deeds. Provide a description of the real estate with its physical address. List the fair market value of the property, based on the most recent assessment by the tax assessor.
B50: Address | C50: Title held by | D50: Phone | E50: Contact | F50: Purchase Price | G50: Market Price | H50: Notes
B60: Total | F60: =SUBTOTAL(109,tblRealEstate[Purchase Price]) -> 0 | G60: =SUBTOTAL(109,tblRealEstate[Market Price]) -> 0
B62: Pension Plans
B63: List defined benefits, money purchases or defined contributions, DPSP or group RRSP, etc.
B64: Company | C64: Phone | D64: Plan Type | E64: Beneficiary | F64: Email | G64: Value | H64: Notes
B70: Total | G70: =SUBTOTAL(109,tblPensionPlans[[Value ]]) -> 0
B72: Insurance
B73: Include living trusts, life insurance policies with named beneficiaries and investment accounts that transferred on death, as non-probate assets. If the court inquires about these assets, the executor can easily reference the list of non-probate assets and explain their absence from the probate inventory.
B74: Issuer | C74: Policy Number | D74: Phone | E74: Beneficiary | F74: Face Value | G74: Cash Value | H74: Notes
B80: Total | F80: =SUBTOTAL(109,tblInsurance[[Face Value ]]) -> 0 | G80: =SUBTOTAL(109,tblInsurance[[Cash Value ]]) -> 0
B82: Private Loans and Mortgages
B83: List private loans and mortgages where the deceased person was the lender.
B84: Name of Borrower | C84: Address | D84: Phone | E84: Type | F84: Original Amount | G84: Balance Owed | H84: Notes
B90: Total | F90: =SUBTOTAL(109,tblMortgages[Original Amount]) -> 0 | G90: =SUBTOTAL(109,tblMortgages[[Balance Owed ]]) -> 0
B92: Interest in other Estates and Trusts
B93: List assets registered in the deceased person’s name held on behalf of others (e.g. assets held by the deceased person as a trustee or assets held under a Power of Attorney).
B94: Name of Estate/Trust | C94: Name of Executor/Trustee | D94: Phone | E94: Address | F94: Email | G94: Distribution Amount | H94: Notes
B100: Total | G100: =SUBTOTAL(109,tblTrusts[Distribution Amount]) -> 0
B102: Personal Effects and other Assets
B103: List all personal items for example; cars, jewelry, art, antiques, furniture. Include items that may have been held in a safety deposit box or safekeeping.
B104: Item Description | C104: Location | D104: Phone | E104: Contact | F104: Beneficiary | G104: Value | H104: Notes
B115: Total | G115: =SUBTOTAL(109,tblOtherAssets[[Value ]]) -> 0

Sheet Probate Liabilities
B2: Probate Liabilities
B7: Use this worksheet to capture the details of the estate's liabilities, both domestic and foreign. You will require a valuation of each liability as at the date of death
B9: Total Assets | G9: =SUM(G18,G28,G38,G48,G58) -> 0
B11: Mortgages
B12: Financial Institution | C12: Address | D12: Phone | E12: Title Held By | F12: Account Number | G12: Balance | H12: Notes
B18: Total | G18: =SUBTOTAL(109,tblBankAccounts2[[Balance ]]) -> 0
B21: Personal Loans and Lines of Credit
B22: Financial Institution | C22: Address | D22: Phone | E22: Account Number | F22: Type | G22: Balance | H22: Notes
B28: Total | G28: =SUBTOTAL(109,tblPersonalInvestments3[[Balance ]]) -> 0
B31: Business Interests
B32: Business Name | C32: Address | D32: Phone | E32: Contact | F32: Type | G32: Value | H32: Notes
B38: Total | G38: =SUBTOTAL(109,tblBusinessInterests4[[Value ]]) -> 0
B41: Credit Cards
B42: Credit Card Company | C42: Company Address | D42: Phone | E42: Card Number | F42: Expiry Date | G42: Balance | H42: Notes
B48: Total | F48: =SUBTOTAL(109,tblRealEstate5[[Expiry Date ]]) -> 0 | G48: =SUBTOTAL(109,tblRealEstate5[[Balance ]]) -> 0
B51: Other Liabilities
B52: Item Description | C52: Location | D52: Phone | E52: Contact | F52: Beneficiary | G52: Value | H52: Notes
B58: Total | G58: =SUBTOTAL(109,tblPensionPlans6[[Value ]]) -> 0

Sheet sheet 1
